GCL
WASHINGTON (GCL) NATIONALS @ LAS VEGAS (GCL) HUSTLE
06/27/2110
 
TOP OF THE 1ST
Washington (GCL) Nationals batting - Pitching for Las Vegas (GCL) Hustle : RHP Joseph Lloyd
Pitching: RHP Joseph Lloyd
Batting: LHB Jeff Pellerin 0-0: Ball
1-0: Ball
2-0: Called Strike
2-1: SINGLE (Groundball, 34D, EV 100.0 MPH)
Batting: RHB Sean Sheldon 0-0: Ball
Jeff Pellerin steals 2nd base
1-0: Called Strike
1-1: Called Strike
1-2: Ball
2-2: Foul Ball, location: 3FF
2-2: Foul Ball, location: 2F
2-2: Foul Ball, location: 5FF
2-2: Ball
3-2: Base on Balls
Batting: RHB Mike McClain 0-0: Called Strike
0-1: Ball
1-1: Foul Ball, location: 7LDF
1-2: SINGLE (Flyball, 4MD, EV 88.8 MPH)
Jeff Pellerin to third
Sean Sheldon to second
Batting: RHB Josh Schuur Jr. 0-0: Ball
1-0: Fly out, F8 (Flyball, 8LM, EV 80.0 MPH)
Batting: RHB Phil Taylor 0-0: Ball
1-0: Grounds into double play, 4-6-3 (Groundball, 4, EV 103.1 MPH)
Top of the 1st over - 0 runs, 2 hits, 0 errors, 2 left on base; Washington (GCL) 0 - Las Vegas (GCL) 0
BOTTOM OF THE 1ST
Las Vegas (GCL) Hustle batting - Pitching for Washington (GCL) Nationals : RHP David Beltran
Pitching: RHP David Beltran
Batting: RHB Cris Ayala 0-0: Swinging Strike
0-1: Ground out 1-3 (Groundball, 13S, EV 72.5 MPH)
Batting: RHB Aiden Stevens 0-0: Fly out, F3 (Line Drive, 3D, EV 70.0 MPH)
Batting: RHB Jesse DuPont 0-0: Fly out, F6 (Popup, 4MD, EV 55.6 MPH)
Bottom of the 1st over - 0 runs, 0 hits, 0 errors, 0 left on base; Washington (GCL) 0 - Las Vegas (GCL) 0
TOP OF THE 2ND
Washington (GCL) Nationals batting - Pitching for Las Vegas (GCL) Hustle : RHP Joseph Lloyd
Batting: LHB Ben Monfort 0-0: Foul Ball, location: 2F
0-1: Ball
1-1: Called Strike
1-2: Strikes out swinging
Batting: RHB Marcos Balbuena 0-0: Ball
1-0: Called Strike
1-1: Swinging Strike
1-2: Strikes out swinging
Batting: RHB Tony Lugo 0-0: Swinging Strike
0-1: Swinging Strike
0-2: Ball
1-2: Foul Ball, location: 9LSF
1-2: Ball
2-2: Strikes out swinging
Top of the 2nd over - 0 runs, 0 hits, 0 errors, 0 left on base; Washington (GCL) 0 - Las Vegas (GCL) 0
BOTTOM OF THE 2ND
Las Vegas (GCL) Hustle batting - Pitching for Washington (GCL) Nationals : RHP David Beltran
Batting: RHB Darius Strange 0-0: Called Strike
0-1: Swinging Strike
0-2: Ball
1-2: Ball
2-2: Ball
3-2: Foul Ball, location: 9LSF
3-2: SINGLE (Groundball, 34D, EV 100.6 MPH)
Batting: RHB Mario Silva 0-0: Swinging Strike
0-1: Ball
1-1: DOUBLE (Line Drive, 89M, EV 101.3 MPH)
Darius Strange to third
Batting: SHB Dillon Cutting 0-0: Called Strike
0-1: Ball
1-1: Ground out 1-3 (Groundball, 13S, EV 66.3 MPH)
Batting: RHB Luis Zambrano 0-0: Ball
1-0: Called Strike
1-1: Ball
2-1: Ball
3-1: Base on Balls
Batting: RHB Cody Treier 0-0: Foul Ball, location: 23F
0-1: Ball
1-1: Fly out, F5 (Popup, 5SF, EV 78.1 MPH)
Batting: RHB David Quijas 0-0: Fly out, F8 (Flyball, 8RD, EV 106.9 MPH)
Bottom of the 2nd over - 0 runs, 2 hits, 0 errors, 3 left on base; Washington (GCL) 0 - Las Vegas (GCL) 0
TOP OF THE 3RD
Washington (GCL) Nationals batting - Pitching for Las Vegas (GCL) Hustle : RHP Joseph Lloyd
Batting: SHB Jim Unknown 0-0: Ball
1-0: Swinging Strike
1-1: Ball
2-1: Called Strike
2-2: Ball
3-2: Foul Ball, location: 2F
3-2: Strikes out looking
Batting: LHB Jeff Pellerin 0-0: Ball
1-0: Ball
2-0: Ball
3-0: Base on Balls
Batting: RHB Sean Sheldon 0-0: Called Strike
0-1: Called Strike
0-2: Strikes out swinging
Batting: RHB Mike McClain 0-0: Ball
1-0: Called Strike
Jeff Pellerin steals 2nd base
1-1: Fly out, F6 (Popup, 6M, EV 64.4 MPH)
Top of the 3rd over - 0 runs, 0 hits, 0 errors, 1 left on base; Washington (GCL) 0 - Las Vegas (GCL) 0
BOTTOM OF THE 3RD
Las Vegas (GCL) Hustle batting - Pitching for Washington (GCL) Nationals : RHP David Beltran
Batting: RHB Cris Ayala 0-0: Called Strike
0-1: Called Strike
0-2: Ball
1-2: Strikes out looking
Batting: RHB Aiden Stevens 0-0: Called Strike
0-1: Called Strike
0-2: Foul Ball, location: 9LSF
0-2: SINGLE (Groundball, 3D, EV 98.8 MPH)
Batting: RHB Jesse DuPont 0-0: SINGLE (Line Drive, 7S, EV 98.8 MPH)
Aiden Stevens to second
Batting: RHB Darius Strange 0-0: SINGLE (Groundball, 34D, EV 102.5 MPH)
Aiden Stevens to third
Jesse DuPont to second
Batting: RHB Mario Silva 0-0: Ball
1-0: Ball
2-0: Called Strike
2-1: Ball
3-1: Foul Ball, location: 3FF
3-2: SINGLE (Groundball, 3D, EV 97.5 MPH)
Aiden Stevens scores
Jesse DuPont to third
Darius Strange to second
Batting: SHB Dillon Cutting 0-0: Called Strike
0-1: Ball
1-1: Swinging Strike
1-2: Foul Ball, location: 23FF
1-2: Strikes out swinging
Batting: RHB Luis Zambrano 0-0: Foul Ball, location: 2F
0-1: Foul Ball, location: 2F
0-2: Ball
1-2: Foul Ball, location: 2F
1-2: Strikes out swinging
Bottom of the 3rd over - 1 run, 4 hits, 0 errors, 3 left on base; Washington (GCL) 0 - Las Vegas (GCL) 1
TOP OF THE 4TH
Washington (GCL) Nationals batting - Pitching for Las Vegas (GCL) Hustle : RHP Joseph Lloyd
Batting: RHB Josh Schuur Jr. 0-0: Ball
1-0: Ball
2-0: Ball
3-0: Base on Balls
Batting: RHB Phil Taylor 0-0: Called Strike
0-1: SINGLE (Groundball, 34D, EV 94.4 MPH)
Josh Schuur Jr. to second
Throwing error, E9
Josh Schuur Jr. scores
Phil Taylor to second
Batting: LHB Ben Monfort 0-0: Called Strike
0-1: Called Strike
0-2: Strikes out swinging
Batting: RHB Marcos Balbuena 0-0: Called Strike
0-1: Ball
1-1: Ball
2-1: Ball
3-1: Called Strike
3-2: Strikes out swinging
Batting: RHB Tony Lugo 0-0: SINGLE (Flyball, 34D, EV 88.8 MPH)
Phil Taylor to third
Runner from 3rd tries for Home, SAFE, throw by RF to home
Batting: SHB Jim Unknown 0-0: Called Strike
Tony Lugo steals 2nd base
0-1: Foul Ball, location: 2F
0-2: Ball
1-2: Fly out, F7 (Flyball, 7S, EV 88.8 MPH)
Top of the 4th over - 2 runs, 2 hits, 1 error, 1 left on base; Washington (GCL) 2 - Las Vegas (GCL) 1
BOTTOM OF THE 4TH
Las Vegas (GCL) Hustle batting - Pitching for Washington (GCL) Nationals : RHP David Beltran
Batting: RHB Cody Treier 0-0: Ball
1-0: Ground out 6-3 (Groundball, 6M, EV 86.3 MPH)
Batting: RHB David Quijas 0-0: Ground out 1-3 (Groundball, 34S, EV 66.3 MPH)
Batting: RHB Cris Ayala 0-0: Ball
1-0: Ground out U3 (Groundball, 3S, EV 76.9 MPH)
Bottom of the 4th over - 0 runs, 0 hits, 0 errors, 0 left on base; Washington (GCL) 2 - Las Vegas (GCL) 1
TOP OF THE 5TH
Washington (GCL) Nationals batting - Pitching for Las Vegas (GCL) Hustle : RHP Joseph Lloyd
Batting: LHB Jeff Pellerin 0-0: Ball
1-0: Ball
2-0: Called Strike
2-1: Ball
3-1: Base on Balls
Batting: RHB Sean Sheldon 0-0: Bunted foul
0-1: Foul Ball, location: 2F
0-2: Strikes out swinging
Batting: RHB Mike McClain 0-0: Ball
1-0: Grounds into double play, 5-4-3 (Groundball, 5, EV 88.8 MPH)
Top of the 5th over - 0 runs, 0 hits, 0 errors, 0 left on base; Washington (GCL) 2 - Las Vegas (GCL) 1
BOTTOM OF THE 5TH
Las Vegas (GCL) Hustle batting - Pitching for Washington (GCL) Nationals : RHP David Beltran
Batting: RHB Aiden Stevens 0-0: Swinging Strike
0-1: Ball
1-1: Ball
2-1: Reached on error, E5 (Groundball, 56, EV 85.6 MPH)
Batting: RHB Jesse DuPont 0-0: Grounds into double play, 6-4-3 (Groundball, 6, EV 87.5 MPH)
Batting: RHB Darius Strange 0-0: Ball
1-0: Ball
2-0: Ball
3-0: Base on Balls
Batting: RHB Mario Silva 0-0: Fielders Choice at 2nd, 6-4 (Groundball, 6, EV 89.4 MPH)
Bottom of the 5th over - 0 runs, 0 hits, 1 error, 1 left on base; Washington (GCL) 2 - Las Vegas (GCL) 1
TOP OF THE 6TH
Washington (GCL) Nationals batting - Pitching for Las Vegas (GCL) Hustle : RHP Joseph Lloyd
Batting: RHB Josh Schuur Jr. 0-0: Called Strike
0-1: Fly out, F7 (Flyball, 78M, EV 90.0 MPH)
Batting: RHB Phil Taylor 0-0: Foul Ball, location: 2F
0-1: Foul Ball, location: 3DF
0-2: Ball
1-2: Strikes out swinging
Batting: LHB Ben Monfort 0-0: SINGLE (Line Drive, 78S, EV 103.1 MPH)
Batting: RHB Marcos Balbuena 0-0: Ball
1-0: Fielders Choice at 2nd, 6-4 (Groundball, 6, EV 90.0 MPH)
Top of the 6th over - 0 runs, 1 hit, 0 errors, 1 left on base; Washington (GCL) 2 - Las Vegas (GCL) 1
BOTTOM OF THE 6TH
Las Vegas (GCL) Hustle batting - Pitching for Washington (GCL) Nationals : RHP David Beltran
Batting: SHB Dillon Cutting 0-0: Fly out, F5 (Popup, 56S, EV 77.5 MPH)
Batting: RHB Luis Zambrano 0-0: Ball
1-0: Foul Ball, location: 3F
1-1: Ball
2-1: Foul Ball, location: 25FF
2-2: Ball
3-2: Base on Balls
Pitching: LHP Kevin Banks
Batting: RHB Cody Treier 0-0: Called Strike
Luis Zambrano steals 2nd base
0-1: Ground out 6-3 (Groundball, 6, EV 105.0 MPH)
Batting: RHB David Quijas 0-0: Ball
1-0: TRIPLE (Flyball, 78XD, EV 107.5 MPH)
Luis Zambrano scores
Batting: RHB Cris Ayala 0-0: Foul Ball, location: 2F
0-1: Foul Ball, location: 2F
0-2: SINGLE (Groundball, 4MD, EV 103.8 MPH)
David Quijas scores
Batting: RHB Aiden Stevens 0-0: Fly out, F8 (Flyball, 8RD, EV 78.1 MPH)
Bottom of the 6th over - 2 runs, 2 hits, 0 errors, 1 left on base; Washington (GCL) 2 - Las Vegas (GCL) 3
TOP OF THE 7TH
Washington (GCL) Nationals batting - Pitching for Las Vegas (GCL) Hustle : RHP Joseph Lloyd
Batting: RHB Tony Lugo 0-0: Foul Ball, location: 3FF
0-1: Called Strike
0-2: Strikes out swinging
Batting: SHB Jim Unknown 0-0: Ball
1-0: Called Strike
1-1: Fly out, F9 (Flyball, 89M, EV 86.9 MPH)
Batting: LHB Jeff Pellerin 0-0: Ball
1-0: Ball
2-0: Foul Ball, location: 9LDF
2-1: Reached on error, E5 (Groundball, 56S, EV 85.0 MPH)
Batting: RHB Sean Sheldon 0-0: Called Strike
Jeff Pellerin is caught stealing 2nd base 2-4
Top of the 7th over - 0 runs, 0 hits, 1 error, 0 left on base; Washington (GCL) 2 - Las Vegas (GCL) 3
BOTTOM OF THE 7TH
Las Vegas (GCL) Hustle batting - Pitching for Washington (GCL) Nationals : LHP Kevin Banks
Batting: RHB Jesse DuPont 0-0: Ball
1-0: Ball
2-0: Ball
3-0: Called Strike
3-1: Base on Balls
Batting: RHB Darius Strange 0-0: Ball
1-0: SINGLE (Groundball, 34D, EV 96.3 MPH)
Jesse DuPont to second
Batting: RHB Mario Silva 0-0: Called Strike
0-1: DOUBLE (Flyball, 78D, EV 106.9 MPH)
Jesse DuPont scores
Darius Strange to third
Batting: SHB Dillon Cutting 0-0: Called Strike
0-1: Foul Ball, location: 23F
0-2: Ground out 3-1 (Groundball, 34S, EV 92.5 MPH)
Darius Strange scores
Mario Silva to third
Pitching: RHP Chris Ragsdale
Batting: RHB Luis Zambrano 0-0: SINGLE (Groundball, 4MD, EV 100.0 MPH)
Mario Silva scores
Batting: RHB Cody Treier 0-0: Fly out, F3 (Popup, 3L, EV 73.1 MPH)
Batting: RHB David Quijas 0-0: Fly out, F9 (Flyball, 89XD, EV 79.4 MPH)
Bottom of the 7th over - 3 runs, 3 hits, 0 errors, 1 left on base; Washington (GCL) 2 - Las Vegas (GCL) 6
TOP OF THE 8TH
Washington (GCL) Nationals batting - Pitching for Las Vegas (GCL) Hustle : RHP Joseph Lloyd
Pitching: RHP Danny Ruiz
Batting: RHB Sean Sheldon 0-0: Foul Ball, location: 7LDF
0-1: Foul Ball, location: 2F
0-2: Ball
1-2: Strikes out swinging
Batting: RHB Mike McClain 0-0: Called Strike
0-1: Foul Ball, location: 2F
0-2: Foul Ball, location: 7LDF
0-2: Foul Ball, location: 5SF
0-2: Ball
1-2: Strikes out swinging
Batting: RHB Josh Schuur Jr. 0-0: Called Strike
0-1: Called Strike
0-2: Ball
1-2: Foul Ball, location: 2F
1-2: Ball
2-2: Foul Ball, location: 5FF
2-2: Ball
3-2: Fly out, F9 (Flyball, 9S, EV 75.6 MPH)
Top of the 8th over - 0 runs, 0 hits, 0 errors, 0 left on base; Washington (GCL) 2 - Las Vegas (GCL) 6
BOTTOM OF THE 8TH
Las Vegas (GCL) Hustle batting - Pitching for Washington (GCL) Nationals : RHP Chris Ragsdale
Batting: RHB Cris Ayala 0-0: Foul Ball, location: 3SF
0-1: Fly out, F4 (Popup, 34S, EV 83.1 MPH)
Batting: RHB Aiden Stevens 0-0: Ball
1-0: Ball
2-0: Ground out 6-3 (Groundball, 6, EV 83.1 MPH)
Batting: RHB Jesse DuPont 0-0: SINGLE (Line Drive, 34D, EV 95.6 MPH)
Batting: RHB Darius Strange 0-0: Ball
1-0: Ball
2-0: Foul Ball, location: 3FF
2-1: Ball
3-1: Fly out, F8 (Flyball, 8LM, EV 73.8 MPH)
Bottom of the 8th over - 0 runs, 1 hit, 0 errors, 1 left on base; Washington (GCL) 2 - Las Vegas (GCL) 6
TOP OF THE 9TH
Washington (GCL) Nationals batting - Pitching for Las Vegas (GCL) Hustle : RHP Danny Ruiz
Pitching: RHP John LaBella
Batting: RHB Phil Taylor 0-0: Ball
1-0: Ball
2-0: Foul Ball, location: 23FF
2-1: Foul Ball, location: 7LDF
2-2: Strikes out swinging
Batting: LHB Ben Monfort 0-0: Foul Ball, location: 7LDF
0-1: Ball
1-1: SINGLE (Line Drive, 5D, EV 105.0 MPH)
Batting: RHB Marcos Balbuena 0-0: Swinging Strike
0-1: SINGLE (Line Drive, 8RS, EV 98.8 MPH)
Ben Monfort to second
Batting: RHB Tony Lugo 0-0: Called Strike
0-1: Ball
1-1: Ball
2-1: Called Strike
2-2: DOUBLE (Line Drive, 9LM, EV 103.8 MPH)
Ben Monfort scores
Marcos Balbuena to third
Pinch Hitting: RHB Martin Diaz 0-0: Ground out 6-3 (Groundball, 6, EV 86.3 MPH)
Batting: LHB Jeff Pellerin 0-0: Foul Ball, location: 7LDF
0-1: Ball
1-1: Swinging Strike
1-2: Strikes out swinging
Top of the 9th over - 1 run, 3 hits, 0 errors, 2 left on base; Washington (GCL) 3 - Las Vegas (GCL) 6
Monday, June 2nd , 2025 - OOTP Baseball 26.4 Build 61